Map: Opérations galactiques EC

Players

DaddyDJ - Winner!

  • Race: Zerg Zerg
  • League: Platinum
  • Spawn Location: 7:00

zidar

  • Race: Zerg Zerg
  • League: Platinum
  • Spawn Location: 1:00

VOD

Have the link to the VOD?

Description

Time

  • Played on: Nov. 4, 2016, 3:29 p.m.
  • Length: 15:13
Show
View Real Time Build Order
Export as new Build Order

DaddyDJ Zerg - Winner!

Build Orders: Hatch First 

Get SALT Encoding   

  12  0:01  Drone  
  13  0:13  Overlord  
  13  0:17  Drone  
  14  0:31  Drone x2  
  16  0:40  Drone  
  17  0:53  Hatchery  
  16  0:57  Drone  
  16  0:59  Drone  
  18  1:04  Extractor  
  17  1:15  Spawning Pool  
  17  1:18  Drone  
  17  1:31  Drone x2  
  19  1:43  Drone  
  20  1:50  Drone  
  21  2:05  Queen x2  
  21  2:07  Overlord x2  
  25  2:12  Zergling x2  
  26  2:16  Zergling x2  
  26  2:22  Zergling x2  
  28  2:27  Zergling x2  
  29  2:35  Drone  
  30  2:38  Metabolic Boost  
  30  2:40  Drone  
  31  2:45  Queen  
  33  3:07  Zergling x2  
  33  3:08  Zergling x6  
  33  3:10  Drone  
  38  3:14  Hatchery  
  37  3:21  Zergling x8  
  41  3:33  Baneling Nest  
  40  3:36  Drone  
  40  3:37  Drone x3  
  44  3:50  Overlord x2  
  44  3:56  Extractor  
  44  3:59  Drone  
  44  4:12  Zergling x12  
  44  4:13  Zergling x2  
  51  4:27  Baneling x2  
  51  4:28  Baneling x4  
  51  4:30  Zergling x10  
  26  4:54  Drone x3  
  29  5:22  Drone x5  
  36  5:36  Baneling x6  
  36  5:39  Drone x3  
  39  5:47  Zergling x12  
  42  6:08  Zergling x8  
  41  6:22  Drone x4  
  45  6:33  Hatchery  
  41  6:57  Zergling x10  
  41  6:58  Zergling x14  
  53  7:06  Roach Warren  
  52  7:10  Baneling x7  
  52  7:11  Baneling  
  52  7:26  Zergling x10  
  52  7:27  Zergling x6  
  52  7:28  Overlord x2  
  60  7:46  Drone x2  
  60  7:47  Drone x2  
  64  7:55  Drone x6  
  64  7:56  Drone  
  71  8:05  Lair  
  71  8:06  Queen  
  71  8:09  Drone x5  
  63  8:55  Zergling x16  
  69  8:56  Zergling x6  
  64  9:30  Roach x6  
  64  9:31  Roach x3  
  82  9:32  Overlord x2  
  82  9:36  Baneling x2  
  82  9:37  Baneling x8  
  82  9:38  Baneling x3  
  82  9:55  Extractor  
  73  10:15  Hydralisk Den  
  69  10:22  Spore Crawler  
  69  10:23  Queen  
  69  10:25  Queen x2  
  56  10:58  Hydralisk x2  
  56  10:59  Queen, Hydralisk x7  
  76  11:06  Extractor  
  75  11:17  Spore Crawler  
  74  11:19  Spore Crawler x2  
  74  11:20  Spore Crawler  
  61  11:35  Hydralisk x4  
  61  11:36  Hydralisk  
  63  12:13  Muscular Augments  
  63  12:30  Spore Crawler  
  63  12:31  Spore Crawler  
  63  12:33  Extractor  
  63  12:35  Extractor  
  59  12:38  Drone x3  
  62  12:50  Hydralisk x5  
  72  13:03  Spore Crawler  
  71  13:06  Spore Crawler  
  71  13:09  Spore Crawler  
  69  13:32  Hydralisk  
  69  13:33  Hydralisk x8  
  69  13:34  Hydralisk x2  
  85  13:36  Overlord x2  
  91  14:09  Hydralisk  
  91  14:10  Hydralisk x8  
  91  14:11  Hydralisk x2  
  91  14:12  Overlord  
  91  14:13  Overlord x3  
  113  14:36  Hydralisk x2  
  113  14:37  Hydralisk x4  
  125  14:51  Drone x3  
  125  14:52  Drone  
Show
View Real Time Build Order
Export as new Build Order

zidar Zerg 

Build Orders: Hatch First, Zergling Baneling 

Get SALT Encoding   

  12  0:01  Drone  
  13  0:12  Overlord  
  13  0:17  Drone  
  14  0:31  Drone x2  
  16  0:51  Hatchery  
  16  0:53  Drone  
  16  0:57  Extractor  
  16  1:01  Drone  
  16  1:21  Spawning Pool  
  16  1:22  Drone  
  16  1:27  Drone  
  16  1:31  Drone  
  18  1:36  Drone  
  19  1:53  Evolution Chamber  
  18  2:07  Metabolic Boost  
  18  2:22  Queen  
  20  2:23  Queen  
  20  2:26  Zergling x2  
  20  2:27  Zergling x4  
  25  2:51  Extractor, Baneling Nest  
  24  2:54  Zergling x2  
  24  2:55  Zergling x8  
  28  3:07  Overlord  
  28  3:36  Zergling x6  
  28  3:37  Zergling x6  
  34  3:42  Zergling x2  
  34  3:46  Zergling x2  
  35  4:12  Baneling x5  
  35  4:13  Baneling  
  35  4:14  Baneling x3  
  35  4:17  Baneling  
  19  4:53  Zergling x12  
  25  5:15  Pneumatized Carapace  
  25  5:18  Drone x2  
  27  5:29  Drone  
  27  5:30  Drone  
  29  5:51  Drone x3  
  19  6:20  Zergling x8  
  19  6:21  Zergling x8  
  27  6:31  Lair  
  25  7:02  Drone x7  
  32  7:12  Baneling x2  
  32  7:13  Baneling  
  32  7:14  Baneling  
  32  7:28  Drone x3  
  35  7:37  Spire  
  35  7:39  Drone  
  35  7:49  Overlord  
  35  8:01  Overlord  
  33  8:45  Zergling x32  
  48  8:54  Mutalisk x3  
  35  9:17  Mutalisk  
  35  9:18  Mutalisk x3  
  43  9:25  Zergling x4  
  43  9:26  Zergling x2  
  43  9:27  Baneling  
  46  9:32  Mutalisk  
  48  9:56  Baneling  
  48  9:58  Mutalisk  
  50  10:03  Overlord x2  
  32  10:26  Mutalisk x4  
  40  11:10  Drone  
  41  11:11  Hatchery  
  40  11:37  Zergling x4  
  28  12:13  Zergling x2  
  28  12:14  Zergling x8  
  33  12:20  Drone  
  34  12:32  Baneling x2  
  34  12:33  Baneling  
  34  12:37  Baneling  
  34  12:49  Drone  
  35  12:51  Drone  
  35  12:57  Baneling  
  36  12:59  Baneling  
  36  13:22  Drone  
  36  13:23  Drone x3  
  40  13:30  Baneling x3  
  40  13:40  Drone x2  
  42  13:41  Drone  
  43  13:59  Drone x3  
  46  14:09  Baneling  
  46  14:10  Baneling x4  
  46  14:24  Zergling x8  
  50  14:33  Zergling x2  
  50  14:34  Zergling x6  
  54  14:48  Baneling x6  
  54  14:49  Baneling x2  
Tags
 
Add a new tag
Caveats
  • Supply blocks, unpowered buildings, or Contaminate may cause inaccurate times.
  • Supply counts are checked every 10 seconds.